[Event "Titled Tuesday Blitz October 31 Late 2023"]
[White "Mekhitarian, Krikor Sevag"]
[Black "Buchenau, Frank"]
[WhiteFideId "2107660"]
[BlackFideId "4604350"]
[WhiteElo "2742"]
[BlackElo "2488"]
[Result "1-0"]
[Round "7"]
[TimeControl "180+1"]
[Date "2023.10.31"]
[WhiteClock "0:01:20"]
[BlackClock "0:00:00"]
[Board "58"]

1. Nf3 Nf6 2. c4 e6 3. Nc3 b6 4. e4 Bb7 5. Bd3 d6 6. Bc2 c5 7. d4 cxd4 8. Nxd4 Be7 9. O-O O-O 10. f3 Nbd7 11. Re1 Qc7 12. Ndb5 Qb8 13. b3 a6 14. Nd4 Re8 15. Be3 Qc7 16. Qd2 Rac8 17. Nce2 Qb8 18. Rad1 b5 19. cxb5 axb5 20. Bd3 Ba6 21. Rc1 Nc5 22. Bb1 b4 23. Ng3 g6 24. Bg5 e5 25. Ndf5 gxf5 26. Nxf5 Bd8 27. Bh4 Ne6 28. Kh1 Kh8 29. Rxc8 Bxc8 30. Nxd6 Rg8 31. Nxf7+ Kg7 32. Nxd8 Rxd8 33. Qf2 Qd6 34. Rg1 Qd2 35. Qg3+ Kf7 36. Qxe5 Nd7 37. Qf5+ Kg7 38. Qxe6 Rf8 39. e5 Qf4 40. Bg3 Qf7 41. Qg4+ Kh8 42. e6 1-0


[Site "https://www.chess.com"]

[Event "Titled Tuesday Blitz October 31 Late 2023"]
[White "Blanco Ronquillo, Humberto L."]
[Black "Molenda, Marcin"]
[WhiteFideId "3504239"]
[BlackFideId "1173065"]
[WhiteElo "2719"]
[BlackElo "2491"]
[Result "1-0"]
[Round "7"]
[TimeControl "180+1"]
[Date "2023.10.31"]
[WhiteClock "0:01:57"]
[BlackClock "0:02:07"]
[Board "59"]

1. e4 e6 2. d4 d5 3. Nd2 dxe4 4. Nxe4 Nd7 5. Nf3 Ngf6 6. Nxf6+ Nxf6 7. Bd3 c5 8. O-O cxd4 9. Nxd4 a6 10. Nb3 Bd6 11. Qf3 h6 12. Bf4 Bxf4 13. Qxf4 Bd7 14. Rad1 Qb8 15. Qb4 Nd5 16. Qa3 b5 17. Be4 Bc6 18. Na5 Qe5 19. Rfe1 b4 20. Nxc6 1-0


[Site "https://www.chess.com"]

[Event "Titled Tuesday Blitz October 31 Late 2023"]
[White "Willy, Stephen"]
[Black "Gubajdullin, Alexei"]
[WhiteFideId "30981468"]
[BlackFideId "4141202"]
[WhiteElo "2483"]
[BlackElo "2693"]
[Result "0-1"]
[Round "7"]
[TimeControl "180+1"]
[Date "2023.10.31"]
[WhiteClock "0:00:41"]
[BlackClock "0:01:58"]
[Board "60"]

1. e4 g6 2. d4 Bg7 3. Nc3 d6 4. f4 a6 5. Nf3 b5 6. Be3 Nd7 7. Bd3 c5 8. dxc5 Nxc5 9. O-O Nf6 10. e5 Ng4 11. Bxc5 dxc5 12. Be4 Ra7 13. Ng5 Qxd1 14. Raxd1 O-O 15. Rd3 c4 16. Rg3 Nh6 17. Nd5 Nf5 18. Bxf5 Bxf5 19. Ne3 Bc8 20. h4 f6 21. Nf3 Bh6 22. Nh2 fxe5 23. fxe5 Rxf1+ 24. Kxf1 Bf4 0-1


[Site "https://www.chess.com"]

[Event "Titled Tuesday Blitz October 31 Late 2023"]
[White "Burke, Carol Ann"]
[Black "Bilan, Danila"]
[WhiteFideId "11104643"]
[BlackFideId "24161918"]
[WhiteElo "2692"]
[BlackElo "2470"]
[Result "1-0"]
[Round "7"]
[TimeControl "180+1"]
[Date "2023.10.31"]
[WhiteClock "0:01:20"]
[BlackClock "0:00:06"]
[Board "61"]

1. d4 d5 2. c4 c6 3. Nc3 Nf6 4. e3 e6 5. Nf3 Nbd7 6. Qc2 Bd6 7. g4 dxc4 8. g5 Nd5 9. Bxc4 e5 10. Bd2 exd4 11. Nxd4 Nxc3 12. Bxc3 Ne5 13. Be2 O-O 14. O-O-O Qe7 15. Nf5 Bxf5 16. Qxf5 Ng6 17. h4 Rad8 18. h5 Ne5 19. Rxd6 Qxd6 20. Qxe5 Qxe5 21. Bxe5 Rd5 22. Bf4 Rfd8 23. Rd1 Rc5+ 24. Kb1 Rxd1+ 25. Bxd1 f6 26. Bb3+ Kh8 27. gxf6 gxf6 28. h6 Rh5 29. Bf7 Rh3 30. Kc2 c5 31. Bd5 b5 32. Kd3 a5 33. Ke4 c4 34. Kd4 Rh5 35. Bf7 Rf5 36. Ke4 Rc5 37. Bd6 Rc8 38. Be7 Rc6 39. Kf5 b4 40. Bxf6+ Rxf6+ 41. Kxf6 a4 42. Bxc4 a3 43. bxa3 bxa3 44. Bd3 Kg8 45. Ke5 Kh8 46. Kd4 Kg8 47. Kc3 Kh8 1-0


[Site "https://www.chess.com"]

[Event "Titled Tuesday Blitz October 31 Late 2023"]
[White "Rakitic2010"]
[Black "Mendez Fortes, Eduardo Jesus"]
[BlackFideId "3502376"]
[WhiteElo "2466"]
[BlackElo "2666"]
[Result "0-1"]
[Round "7"]
[TimeControl "180+1"]
[Date "2023.10.31"]
[WhiteClock "0:00:10"]
[BlackClock "0:01:32"]
[Board "62"]

1. e4 c5 2. Nf3 d6 3. d4 cxd4 4. Nxd4 Nf6 5. Nc3 a6 6. f3 e5 7. Nb3 Be7 8. Be3 Be6 9. Qd2 h5 10. Rd1 Nbd7 11. Nd5 Nxd5 12. exd5 Bf5 13. Bd3 Bxd3 14. Qxd3 O-O 15. O-O Rc8 16. Nd2 f5 17. g4 e4 18. fxe4 Ne5 19. Qe2 fxg4 20. c3 b5 21. Bd4 Bf6 22. Rf5 Qe8 23. Rdf1 Qg6 24. Kh1 Rfe8 25. h3 Nf3 26. Nxf3 Qxf5 27. Ne5 Qg5 28. Rf5 Qh4 29. Rxf6 Qxh3+ 30. Kg1 dxe5 31. Rg6 exd4 32. e5 Qe3+ 33. Kf1 Rf8+ 34. Ke1 Qc1+ 35. Qd1 Rf1+ 36. Ke2 Qxd1# 0-1


[Site "https://www.chess.com"]

[Event "Titled Tuesday Blitz October 31 Late 2023"]
[White "Rosen, Eric"]
[Black "Mmukka"]
[WhiteFideId "2032562"]
[WhiteElo "2654"]
[BlackElo "2465"]
[Result "1/2-1/2"]
[Round "7"]
[TimeControl "180+1"]
[Date "2023.10.31"]
[WhiteClock "0:00:11"]
[BlackClock "0:01:09"]
[Board "63"]

1. e4 c5 2. Nc3 a6 3. g3 b5 4. Bg2 Bb7 5. d3 e6 6. f4 Nf6 7. Nf3 d5 8. e5 Nfd7 9. O-O Nc6 10. f5 Be7 11. Bf4 b4 12. fxe6 fxe6 13. Ne2 g5 14. Be3 Ndxe5 15. Nxe5 Nxe5 16. d4 Ng4 17. Qd2 Nxe3 18. Qxe3 Qd6 19. Rae1 O-O-O 20. Bh3 Kb8 21. Qxe6 Qxe6 22. Bxe6 Rhf8 23. Rxf8 Rxf8 24. Rf1 Rxf1+ 25. Kxf1 c4 26. c3 a5 27. Kf2 Kc7 28. Bg8 h6 29. Ng1 a4 30. cxb4 Bxb4 31. Nf3 a3 32. bxa3 Bxa3 33. Bh7 Bb2 34. Ke3 Bc1+ 35. Ke2 Bc8 36. Ne5 Be6 37. Bc2 Kd6 38. a4 Bb2 39. Ke3 Bc1+ 40. Ke2 Bb2 41. Ke3 Bc1+ 42. Ke2 1/2-1/2


[Site "https://www.chess.com"]

[Event "Titled Tuesday Blitz October 31 Late 2023"]
[White "Krishnan, Varun"]
[Black "Rangel, Daniel"]
[WhiteFideId "5054508"]
[BlackFideId "2124475"]
[WhiteElo "2602"]
[BlackElo "2451"]
[Result "1-0"]
[Round "7"]
[TimeControl "180+1"]
[Date "2023.10.31"]
[WhiteClock "0:00:05"]
[BlackClock "0:00:00"]
[Board "64"]

1. g3 Nf6 2. Bg2 e6 3. e4 d5 4. e5 Nfd7 5. d4 c5 6. c3 Nc6 7. Ne2 cxd4 8. cxd4 Bb4+ 9. Nbc3 b6 10. O-O Ba6 11. a3 Bxc3 12. bxc3 Na5 13. f4 g6 14. g4 h5 15. f5 hxg4 16. fxe6 fxe6 17. Qc2 Nf8 18. Rf6 Qd7 19. Nf4 O-O-O 20. Nxg6 Nxg6 21. Qxg6 Rdg8 22. Qf7 Qxf7 23. Rxf7 Nb3 24. Rb1 Nxc1 25. Rxc1 g3 26. h3 Kb8 27. a4 Bd3 28. Ra1 Rf8 29. Re7 Rf2 30. a5 b5 31. Rxe6 Be4 32. Bxe4 dxe4 33. Rf6 e3 34. Rxf2 gxf2+ 35. Kf1 Rxh3 36. Ke2 Kc7 37. d5 Rg3 38. Rf1 Rg1 39. a6 Kb6 40. e6 Kc7 41. e7 Kd7 42. d6 Rg6 43. Kxe3 Rxd6 44. Rxf2 Kxe7 45. Rb2 Rxa6 46. Rxb5 Rb6 47. Ra5 Rb7 48. Kd4 Rd7+ 49. Kc4 Rc7+ 50. Kb4 Rb7+ 51. Ka3 Rc7 52. Kb3 Rd7 53. c4 Ke8 54. Kb4 Kd8 55. c5 Kc8 56. Ra6 Kb7 57. c6+ Kxa6 58. cxd7 1-0


[Site "https://www.chess.com"]

[Event "Titled Tuesday Blitz October 31 Late 2023"]
[White "Mazurkiewicz, Michal"]
[Black "Skatchkov, Valery"]
[WhiteFideId "1124943"]
[BlackFideId "24195812"]
[WhiteElo "2448"]
[BlackElo "2586"]
[Result "1/2-1/2"]
[Round "7"]
[TimeControl "180+1"]
[Date "2023.10.31"]
[WhiteClock "0:00:17"]
[BlackClock "0:01:15"]
[Board "65"]

1. e4 e5 2. Nf3 Nf6 3. d3 Nc6 4. g3 d5 5. exd5 Nxd5 6. Bg2 Bc5 7. O-O O-O 8. Nc3 Nxc3 9. bxc3 Bf5 10. Rb1 Bb6 11. a4 Qd7 12. Re1 Rae8 13. Nd2 Bg4 14. Bf3 Bxf3 15. Qxf3 f5 16. Ba3 e4 17. Qg2 exd3 18. cxd3 Qxd3 19. Bxf8 Rxe1+ 20. Rxe1 Qxd2 21. Re8 Kf7 22. Rc8 Ne5 23. Bc5 Bxc5 24. Rxc7+ Be7 25. Qxb7 Qd6 26. Qxa7 f4 27. gxf4 Qd1+ 28. Kg2 Qg4+ 29. Kf1 Qd1+ 30. Kg2 Qd5+ 31. Kf1 Qh1+ 32. Ke2 Qf3+ 33. Kf1 Qd1+ 34. Kg2 1/2-1/2


[Site "https://www.chess.com"]

[Event "Titled Tuesday Blitz October 31 Late 2023"]
[White "NelsonLinda"]
[Black "Jovic, Stanoje"]
[BlackFideId "905020"]
[WhiteElo "2585"]
[BlackElo "2440"]
[Result "1-0"]
[Round "7"]
[TimeControl "180+1"]
[Date "2023.10.31"]
[WhiteClock "0:00:09"]
[BlackClock "0:00:00"]
[Board "66"]

1. Nf3 Nf6 2. g3 c5 3. b3 Nc6 4. Bb2 d5 5. Bg2 Bg4 6. O-O e6 7. d3 Be7 8. Nbd2 O-O 9. h3 Bh5 10. Qe1 b5 11. a4 b4 12. e4 Bxf3 13. Nxf3 Nd7 14. Qe2 Bf6 15. e5 Be7 16. h4 a5 17. Bc1 Nb6 18. Bf4 Rc8 19. Rad1 Qc7 20. h5 Nd4 21. Nxd4 cxd4 22. Rc1 h6 23. Bd2 Nd7 24. f4 f5 25. exf6 Rxf6 26. Bh3 Qb6 27. Rfe1 Nf8 28. f5 Bd6 29. fxe6 Re8 30. Kg2 Qc7 31. Qg4 Rexe6 32. Rxe6 Rxe6 33. Qf3 Rf6 34. Bf4 Bxf4 35. gxf4 Qxf4 36. Qxf4 Rxf4 37. Re1 Kf7 38. Re5 g5 39. hxg6+ Nxg6 40. Rxd5 Rh4 41. Rf5+ Kg7 42. Kg3 h5 43. Rg5 Rxh3+ 44. Kxh3 Kh6 45. Rxa5 Nf4+ 46. Kh2 h4 47. Rf5 Ne2 48. a5 Ng3 49. Rf4 Kg5 50. Rxd4 Nf1+ 51. Kg1 Ne3 52. Rxb4 h3 53. a6 Nxc2 54. Rc4 1-0


[Site "https://www.chess.com"]

[Event "Titled Tuesday Blitz October 31 Late 2023"]
[White "Zakarian, David"]
[Black "Ezat, Mohamed"]
[WhiteFideId "13301276"]
[BlackFideId "10600906"]
[WhiteElo "2437"]
[BlackElo "2585"]
[Result "0-1"]
[Round "7"]
[TimeControl "180+1"]
[Date "2023.10.31"]
[WhiteClock "0:00:00"]
[BlackClock "0:00:27"]
[Board "67"]

1. f4 Nf6 2. Nf3 g6 3. Nc3 d5 4. e3 Bg7 5. d4 Bg4 6. Be2 Bxf3 7. Bxf3 O-O 8. O-O c5 9. dxc5 e6 10. Rb1 Nfd7 11. Na4 Qa5 12. c4 Nxc5 13. Nxc5 Qxc5 14. cxd5 Rd8 15. Qb3 exd5 16. Qxb7 Nc6 17. b4 Qd6 18. b5 Ne7 19. Qa6 Qxa6 20. bxa6 Nf5 21. Bd2 Rac8 22. Rfc1 h5 23. Rb7 d4 24. e4 Nd6 25. Rxa7 Nc4 26. Rd1 d3 27. e5 Bf8 28. Kf1 Bc5 29. Rb7 Be3 30. a7 Bxd2 31. Kf2 Bxf4 32. Rb3 Nxe5 33. a8=Q Ng4+ 0-1


[Site "https://www.chess.com"]

[Event "Titled Tuesday Blitz October 31 Late 2023"]
[White "hristos03"]
[Black "balachess2006"]
[WhiteElo "2436"]
[BlackElo "2582"]
[Result "1/2-1/2"]
[Round "7"]
[TimeControl "180+1"]
[Date "2023.10.31"]
[WhiteClock "0:00:08"]
[BlackClock "0:01:46"]
[Board "68"]

1. e4 c5 2. Nf3 Nc6 3. d4 cxd4 4. Nxd4 g6 5. Nc3 Bg7 6. Be3 Nf6 7. f3 O-O 8. Bc4 Na5 9. Bb3 Nxb3 10. axb3 d6 11. O-O a6 12. Qd2 Bd7 13. Kh1 Bc6 14. Nxc6 bxc6 15. Ra4 Nd7 16. Rfa1 a5 17. Nd1 f5 18. exf5 Rxf5 19. Bd4 Rd5 20. Ne3 Rxd4 21. Rxd4 Bxd4 22. Qxd4 Qb6 23. Qxb6 Nxb6 24. Nc4 Nxc4 25. bxc4 Kf7 26. Kg1 Ke6 27. Kf2 Kd7 28. Ra4 Kc7 29. Ke3 Kb6 30. b3 Rf8 31. h4 Rf6 32. c3 Re6+ 33. Kd2 Re5 34. b4 Rh5 35. g3 Rf5 36. Ke3 Re5+ 37. Kd2 h6 38. c5+ dxc5 39. Rxa5 Rd5+ 40. Kc2 cxb4 41. Rxd5 cxd5 42. cxb4 Kb5 43. Kc3 e5 44. f4 d4+ 45. Kd3 Kxb4 46. fxe5 Kc5 47. Ke4 d3 48. Kxd3 Kd5 49. Ke3 Kxe5 50. Kf3 h5 51. g4 hxg4+ 52. Kxg4 Kf6 53. h5 gxh5+ 54. Kxh5 1/2-1/2


[Site "https://www.chess.com"]

[Event "Titled Tuesday Blitz October 31 Late 2023"]
[White "Kochiev, Ivan"]
[Black "Devagharan, Devina"]
[WhiteFideId "2917890"]
[BlackFideId "2061600"]
[WhiteElo "2577"]
[BlackElo "2435"]
[Result "1-0"]
[Round "7"]
[TimeControl "180+1"]
[Date "2023.10.31"]
[WhiteClock "0:01:02"]
[BlackClock "0:00:00"]
[Board "69"]

1. e4 c5 2. Nf3 d6 3. d4 cxd4 4. Nxd4 Nf6 5. f3 Nc6 6. c4 g6 7. Nc3 Bg7 8. Be3 O-O 9. Be2 Nxd4 10. Bxd4 Nd7 11. Be3 Qa5 12. O-O Nf6 13. Qd2 Qc7 14. Rac1 b6 15. Rfd1 Bb7 16. b4 Rac8 17. a4 Rfd8 18. Nd5 Qd7 19. b5 Bxd5 20. cxd5 Qb7 21. Rc6 Nd7 22. Rdc1 Ne5 23. a5 bxa5 24. Qxa5 Nxc6 25. bxc6 Qb2 26. Ba6 Bd4 27. Bxd4 Qxc1+ 28. Kf2 Rb8 29. c7 Rdc8 30. cxb8=Q Rxb8 31. Be2 h5 32. Qxa7 Rc8 33. Qxe7 Qf4 34. g3 Qh6 35. Qxd6 1-0


[Site "https://www.chess.com"]

[Event "Titled Tuesday Blitz October 31 Late 2023"]
[White "Mindhunter08"]
[Black "Shapiro, Viktor"]
[BlackFideId "4175700"]
[WhiteElo "2430"]
[BlackElo "2569"]
[Result "1-0"]
[Round "7"]
[TimeControl "180+1"]
[Date "2023.10.31"]
[WhiteClock "0:00:19"]
[BlackClock "0:00:47"]
[Board "70"]

1. e4 Nf6 2. e5 Nd5 3. Nf3 d6 4. d4 Bg4 5. Be2 e6 6. O-O Be7 7. exd6 cxd6 8. h3 Bf5 9. c4 Nb6 10. Nc3 O-O 11. Bf4 N8d7 12. Rc1 a6 13. Bd3 Bxd3 14. Qxd3 Rc8 15. b3 Nf6 16. Rfe1 Re8 17. Bg3 Nbd7 18. Ne4 Nxe4 19. Qxe4 Qb6 20. Rcd1 d5 21. Qe2 dxc4 22. bxc4 Nf6 23. Ne5 Bb4 24. Rb1 Qa5 25. Red1 Red8 26. Bh4 b5 27. Qf3 bxc4 28. Bxf6 gxf6 29. Qxf6 Rf8 30. a3 Bd6 31. Qg5+ Kh8 32. Nxf7+ Rxf7 33. Qxa5 c3 34. Qxa6 Rfc7 35. Qxd6 c2 36. Qe5+ Kg8 37. Qxe6+ Kh8 38. d5 cxb1=Q 39. Rxb1 Rd8 40. Qe5+ 1-0


[Site "https://www.chess.com"]

[Event "Titled Tuesday Blitz October 31 Late 2023"]
[White "Polaczek, Richard"]
[Black "Aldokhin, Ivan"]
[WhiteFideId "200026"]
[BlackFideId "24115720"]
[WhiteElo "2430"]
[BlackElo "2553"]
[Result "1-0"]
[Round "7"]
[TimeControl "180+1"]
[Date "2023.10.31"]
[WhiteClock "0:00:35"]
[BlackClock "0:00:00"]
[Board "71"]

1. d4 Nf6 2. Bg5 g6 3. Bxf6 exf6 4. c4 d5 5. cxd5 Qxd5 6. Nc3 Qa5 7. e3 c6 8. Bd3 Bd6 9. Ne2 Qc7 10. h3 Nd7 11. O-O f5 12. Rc1 a6 13. a3 Nf6 14. b4 O-O 15. Na4 Qe7 16. Nc5 Bc7 17. Re1 Qd6 18. g3 b6 19. Nb3 Be6 20. Nf4 Bd7 21. Qe2 Bc8 22. Rc2 Bb7 23. Rec1 Kh8 24. Rb1 g5 25. Nh5 f4 26. Nc5 Bc8 27. Nxf6 Qxf6 28. Qh5 Qg7 29. Ne4 Bb7 30. Nxg5 fxg3 31. f4 h6 32. Rbc1 Rae8 33. Rxc6 Bxc6 34. Rxc6 f6 35. Rxc7 1-0


[Site "https://www.chess.com"]

[Event "Titled Tuesday Blitz October 31 Late 2023"]
[White "Spichkin, Alexander"]
[Black "Blomqvist, Erik"]
[WhiteFideId "4144074"]
[BlackFideId "1709437"]
[WhiteElo "2427"]
[BlackElo "2550"]
[Result "0-1"]
[Round "7"]
[TimeControl "180+1"]
[Date "2023.10.31"]
[WhiteClock "0:00:00"]
[BlackClock "0:00:14"]
[Board "72"]

1. f4 b6 2. Nf3 Bb7 3. e3 g6 4. Be2 Bg7 5. O-O Nf6 6. d3 d5 7. a4 c5 8. a5 Nc6 9. a6 Bc8 10. Ne5 Qc7 11. Nxc6 Qxc6 12. Nc3 b5 13. e4 d4 14. e5 dxc3 15. exf6 Qxf6 16. bxc3 Qxc3 17. Rb1 Bxa6 18. Bb2 Bd4+ 19. Kh1 Qa5 20. Bf3 Rd8 21. Bc6+ Kf8 22. c3 Bf6 23. f5 Qb6 24. Be4 Kg7 25. Qf3 Bc8 26. Bc1 a6 27. Be3 Qc7 28. Bf4 Qa5 29. Bd2 c4 30. d4 Rxd4 31. Ra1 Qxa1 32. Rxa1 Rxd2 33. Rf1 Rhd8 34. g4 g5 35. h4 h6 36. Rf2 Rxf2 37. Qxf2 Bxc3 38. Qb6 Rd6 39. Qc7 Bd7 40. Bb7 Be5 41. Qa5 c3 42. Be4 Rd4 43. Bc2 Rxg4 44. hxg5 hxg5 45. Qb6 Bf6 46. Qc7 Rh4+ 47. Kg2 Rd4 48. Kf3 b4 49. Qc5 Bb5 0-1


[Site "https://www.chess.com"]

[Event "Titled Tuesday Blitz October 31 Late 2023"]
[White "Hoang, Thi Bao Tram"]
[Black "Stanojevic, Ilija"]
[WhiteFideId "12401102"]
[BlackFideId "959995"]
[WhiteElo "2550"]
[BlackElo "2393"]
[Result "1-0"]
[Round "7"]
[TimeControl "180+1"]
[Date "2023.10.31"]
[WhiteClock "0:01:02"]
[BlackClock "0:00:00"]
[Board "73"]

1. Nf3 d5 2. g3 c6 3. Bg2 Bg4 4. c4 Nf6 5. Ne5 Bf5 6. cxd5 cxd5 7. d4 Nbd7 8. Nc3 e6 9. Qa4 Bd6 10. Bg5 O-O 11. Nxd7 Qxd7 12. Qxd7 Nxd7 13. O-O a6 14. e4 dxe4 15. Nxe4 Bb4 16. a3 Ba5 17. Nd6 Bd3 18. Rfd1 Be2 19. Rdc1 f6 20. Be3 Rab8 21. Nxb7 Bb6 22. b4 e5 23. Nc5 Nxc5 24. dxc5 Bc7 25. Rc2 Bd3 26. Rd2 e4 27. Bh3 Kf7 28. f3 Rfd8 29. Rad1 f5 30. Bxf5 g6 31. Bxe4 Bxe4 32. fxe4 Rxd2 33. Rxd2 Re8 34. Rd7+ Re7 35. Rxe7+ Kxe7 36. Bf4 1-0


[Site "https://www.chess.com"]

[Event "Titled Tuesday Blitz October 31 Late 2023"]
[White "Golubev, Mikhail"]
[Black "Dmitrenko, Viktor"]
[WhiteFideId "14100983"]
[BlackFideId "14110270"]
[WhiteElo "2544"]
[BlackElo "2377"]
[Result "0-1"]
[Round "7"]
[TimeControl "180+1"]
[Date "2023.10.31"]
[WhiteClock "0:00:00"]
[BlackClock "0:00:12"]
[Board "74"]

1. e4 e6 2. d4 d5 3. Nc3 Bb4 4. e5 Ne7 5. a3 Bxc3+ 6. bxc3 c5 7. a4 Qc7 8. Nf3 Nbc6 9. Ba3 cxd4 10. cxd4 Qa5+ 11. Qd2 Qxd2+ 12. Kxd2 b6 13. Bb5 Bd7 14. Rhb1 h6 15. h3 f6 16. exf6 gxf6 17. c4 dxc4 18. Bxc4 Na5 19. Ba2 Rc8 20. Re1 Nc4+ 21. Bxc4 Rxc4 22. a5 bxa5 23. Bc5 Kf7 24. Rxa5 Nc6 25. Ra3 e5 26. Kd3 Be6 27. Nd2 Rxc5 28. dxc5 Rd8+ 29. Kc3 Nd4 30. Rxa7+ Kg6 31. Ra6 Bf5 32. Rb6 Nc2 33. Rc1 Nd4 34. c6 Ne2+ 35. Kb4 Nxc1 36. c7 Rc8 37. Nc4 Rxc7 38. Nxe5+ Kh7 39. Ng4 Nd3+ 40. Kb3 Bxg4 41. hxg4 Kg7 42. f3 Nc5+ 43. Kb4 Nd7 44. Re6 Ne5 45. Kb5 Nd3 46. Kb6 Rf7 47. Kc6 Nf4 48. Re4 Nxg2 49. Kd6 Nh4 50. f4 Ng6 0-1


[Site "https://www.chess.com"]

[Event "Titled Tuesday Blitz October 31 Late 2023"]
[White "Gerbelli Neto, Eduardo"]
[Black "Sreyas Payyappat"]
[WhiteFideId "2103281"]
[BlackFideId "46674969"]
[WhiteElo "2405"]
[BlackElo "2538"]
[Result "1-0"]
[Round "7"]
[TimeControl "180+1"]
[Date "2023.10.31"]
[WhiteClock "0:02:31"]
[BlackClock "0:02:50"]
[Board "75"]

1. e4 c6 2. d4 d5 3. exd5 cxd5 4. c4 Nf6 5. Nc3 Nc6 6. Nf3 g6 7. cxd5 Nxd5 8. Qb3 Nxc3 9. Bc4 e6 10. bxc3 Bg7 11. Bg5 O-O 12. Bxd8 1-0


[Site "https://www.chess.com"]

[Event "Titled Tuesday Blitz October 31 Late 2023"]
[White "Deeper44"]
[Black "Bogaudinov, Rushan"]
[BlackFideId "4129288"]
[WhiteElo "2532"]
[BlackElo "2372"]
[Result "1-0"]
[Round "7"]
[TimeControl "180+1"]
[Date "2023.10.31"]
[WhiteClock "0:00:35"]
[BlackClock "0:00:16"]
[Board "76"]

1. d4 Nf6 2. c4 e6 3. g3 Bb4+ 4. Bd2 a5 5. Bg2 O-O 6. Nf3 d5 7. Qc2 Nc6 8. O-O Ne4 9. Bf4 Bd6 10. Nc3 Nb4 11. Qd1 Bxf4 12. gxf4 Qf6 13. e3 c6 14. Nxe4 dxe4 15. Ng5 h6 16. Nxe4 Qg6 17. a3 Na6 18. Kh1 Rd8 19. Rg1 Kf8 20. Bf3 Qh7 21. Qb3 Ke7 22. Rg2 Bd7 23. Rag1 g6 24. Qc3 Qh8 25. Qxa5 b5 26. cxb5 cxb5 27. Qb6 Rdb8 28. Qd6+ Ke8 29. f5 exf5 30. Nf6+ Qxf6 31. Qxf6 Ra7 32. Bd5 Bc8 33. Bc6+ Kf8 34. Rxg6 1-0


[Site "https://www.chess.com"]

[Event "Titled Tuesday Blitz October 31 Late 2023"]
[White "Avazkhonov, Alikhon"]
[Black "Rose, Felix"]
[WhiteFideId "14208504"]
[BlackFideId "5105722"]
[WhiteElo "2528"]
[BlackElo "2356"]
[Result "1-0"]
[Round "7"]
[TimeControl "180+1"]
[Date "2023.10.31"]
[WhiteClock "0:02:38"]
[BlackClock "0:01:16"]
[Board "77"]

1. d4 d5 2. c4 e6 3. Nc3 Nf6 4. cxd5 exd5 5. Bg5 c6 6. e3 Be7 7. Bd3 Nbd7 8. Nf3 h6 9. Bh4 Nh5 10. Bxe7 Qxe7 11. Qc2 Nhf6 12. O-O-O Nb6 13. Ne5 Be6 14. Kb1 O-O-O 15. Nb5 a6 16. Na7+ Kc7 17. Naxc6 bxc6 18. Qxc6+ Kb8 19. Qxb6+ Qb7 20. Nc6+ Kc8 21. Bxa6 1-0


[Site "https://www.chess.com"]

[Event "Titled Tuesday Blitz October 31 Late 2023"]
[White "Buscar, Michael"]
[Black "Osmak, Yuliia"]
[WhiteFideId "2603616"]
[BlackFideId "14101602"]
[WhiteElo "2343"]
[BlackElo "2525"]
[Result "1/2-1/2"]
[Round "7"]
[TimeControl "180+1"]
[Date "2023.10.31"]
[WhiteClock "0:00:08"]
[BlackClock "0:00:06"]
[Board "78"]

1. e4 c5 2. Nf3 Nc6 3. Bb5 g6 4. O-O Bg7 5. Re1 e5 6. c3 Nge7 7. a4 O-O 8. Na3 a6 9. Bf1 d5 10. exd5 Qxd5 11. d3 Bg4 12. Be3 Rfd8 13. Nc4 Rab8 14. Nb6 Bxf3 15. Nxd5 Bxd1 16. Nxe7+ Nxe7 17. Raxd1 Rbc8 18. g3 Nd5 19. Bg5 f6 20. Bc1 b5 21. Bh3 f5 22. axb5 axb5 23. Bg2 Nb6 24. f4 Nd7 25. Bd5+ Kh8 26. Be6 Rc7 27. fxe5 Nxe5 28. Bf4 Nf3+ 29. Kf1 Re7 30. Re2 Rde8 31. Bd5 Rxe2 32. Bxf3 Rxh2 33. Rd2 Rxd2 34. Bxd2 h6 35. Bd5 Rd8 36. c4 bxc4 37. dxc4 Bxb2 38. Bxh6 Bg7 39. Be3 Bd4 40. Bg5 Re8 41. Bf7 Ra8 42. Bf4 Kg7 43. Bd5 Ra2 44. Bd6 Kf6 45. Bc7 Be5 46. Bd8+ Kg7 47. Bb6 Bd4 48. Bc7 g5 49. Be6 Kf6 50. Bd5 g4 51. Bd8+ Kg6 52. Bc7 Rb2 53. Bc6 Rf2+ 54. Ke1 Rc2 55. Be8+ Kf6 56. Bb5 Be5 57. Bd8+ Ke6 58. Bb6 Bxg3+ 59. Kd1 Rb2 60. Bxc5 Bf2 61. Ba3 Rxb5 62. cxb5 g3 63. Ke2 f4 64. Kf3 Bb6 65. Bc1 Kf5 66. Bxf4 g2 67. Kxg2 Kxf4 68. Kf1 Ke5 69. Ke1 Kd5 70. Kd1 Kc5 71. Kc1 Kxb5 1/2-1/2


[Site "https://www.chess.com"]

[Event "Titled Tuesday Blitz October 31 Late 2023"]
[White "Szente Varga, Fruzsina"]
[Black "Toncheva, Nadya"]
[WhiteFideId "712264"]
[BlackFideId "2924056"]
[WhiteElo "2324"]
[BlackElo "2523"]
[Result "0-1"]
[Round "7"]
[TimeControl "180+1"]
[Date "2023.10.31"]
[WhiteClock "0:00:00"]
[BlackClock "0:00:08"]
[Board "79"]

1. e4 c5 2. Nf3 Nc6 3. Bb5 e6 4. b3 Nge7 5. Bb2 a6 6. Bxc6 Nxc6 7. O-O f6 8. e5 Be7 9. Na3 O-O 10. Nc4 b5 11. Nd6 Bxd6 12. exd6 Bb7 13. d4 cxd4 14. Nxd4 Qb6 15. Nxc6 Qxc6 16. f3 Rac8 17. Rc1 Qc5+ 18. Qd4 Qxd4+ 19. Bxd4 Rc6 20. c4 e5 21. Bf2 Rfc8 22. c5 Kf7 23. b4 Ra8 24. a3 a5 25. Ra1 axb4 26. axb4 Rca6 27. Rxa6 Rxa6 28. Rb1 Ke6 29. Rd1 Ra4 30. Be1 Ra2 31. h3 Rb2 32. Bc3 Rc2 33. Be1 e4 34. fxe4 Bxe4 35. Rd2 Rc1 36. Re2 f5 37. Kf2 Kd5 38. g4 g6 39. Kg3 Rb1 40. Kf4 h6 41. gxf5 gxf5 42. Bd2 Rb3 43. Rf2 Rxh3 44. Be3 Rh4+ 45. Kg3 Rg4+ 46. Kh3 Kc4 47. Bd2 h5 48. Be1 Rg1 49. Re2 Kd5 50. Bg3 Rh1+ 51. Bh2 Rb1 52. Rd2+ Kc6 53. Rd4 Rb2 54. Be5 Rb3+ 55. Kh4 Bf3 56. Kg5 Bg4 57. Bf4 Rh3 58. Be5 Rh1 59. Kf6 h4 0-1


[Site "https://www.chess.com"]

[Event "Titled Tuesday Blitz October 31 Late 2023"]
[White "Nilsen, Tobias Lang"]
[Black "Florianovitz, Derlei Alex"]
[WhiteFideId "1521624"]
[BlackFideId "2114178"]
[WhiteElo "2519"]
[BlackElo "2276"]
[Result "0-1"]
[Round "7"]
[TimeControl "180+1"]
[Date "2023.10.31"]
[WhiteClock "0:01:25"]
[BlackClock "0:01:19"]
[Board "80"]

1. e4 e6 2. d4 d5 3. Nc3 Nf6 4. e5 Nfd7 5. f4 c5 6. Nf3 Nc6 7. Be3 a6 8. a3 b5 9. Qd2 Qb6 10. O-O-O c4 11. f5 h6 12. fxe6 fxe6 13. Be2 a5 14. Nh4 a4 15. Bh5+ Kd8 16. Ne4 b4 17. axb4 Bxb4 18. c3 a3 19. cxb4 a2 20. Nc5 Nxc5 21. dxc5 a1=Q+ 22. Kc2 Qa4+ 23. Kb1 Qbxb4 24. Bg5+ Kc7 0-1


[Site "https://www.chess.com"]

[Event "Titled Tuesday Blitz October 31 Late 2023"]
[White "Bazilius, Augustinas"]
[Black "Osmonbekov, Talaibek"]
[WhiteFideId "12832251"]
[BlackFideId "2017253"]
[WhiteElo "2513"]
[BlackElo "2263"]
[Result "1-0"]
[Round "7"]
[TimeControl "180+1"]
[Date "2023.10.31"]
[WhiteClock "0:00:07"]
[BlackClock "0:00:00"]
[Board "81"]

1. d4 e6 2. c4 f5 3. Nf3 Nf6 4. g3 Be7 5. Bg2 O-O 6. O-O d6 7. Nc3 a5 8. Qc2 Nc6 9. a3 e5 10. d5 Nb8 11. Ne1 Na6 12. e4 Qe8 13. Nd3 Qg6 14. Qe2 Nh5 15. f4 exf4 16. Bxf4 fxe4 17. Bxe4 Nxf4 18. Nxf4 Qh6 19. Bxh7+ Qxh7 20. Qxe7 Bh3 21. Nxh3 Qxh3 22. Qe6+ Qxe6 23. dxe6 Rxf1+ 24. Rxf1 Re8 25. Re1 Nc5 26. e7 Kf7 27. Nb5 Rxe7 28. Rxe7+ Kxe7 29. Nxc7 Nd3 30. b3 Ne5 31. Kf2 a4 32. bxa4 Nxc4 33. Ke2 Nxa3 34. Kd3 Kd7 35. Nd5 Kc6 36. Ne7+ Kc5 37. Nf5 g6 38. Ne7 g5 39. h4 gxh4 40. gxh4 Nc4 41. h5 Ne5+ 42. Ke4 Nf7 43. Kf5 d5 44. Kg6 Ne5+ 45. Kf5 Nf7 46. Ke6 Ng5+ 47. Kf6 Ne4+ 48. Kg7 d4 49. Nf5 1-0


[Site "https://www.chess.com"]